AoeStats
← 公鸡神探

Arena

507729101Analyzed
4v4 RM · 14d ago on Sep 19, 2026· 44m 26s· 8 players
Game mode
Random Map
Map size
Large (8 player)
Population
200
Speed
Normal
Resources
Standard
Victory
Conquest
Starting age
Dark Age
Ending age
Imperial Age
RankedLock teamsTeams togetherTeam positionsShared explorationLock speedFull tech treeHidden civsTurbo modeCheats
Victory
Defeat
🇨🇳 Slavs · China
1186
+15
🇨🇳 Franks · China
1136
+17
1116
+18
🇨🇳 Cumans · China
1093
+20
🇨🇳 Burmese · China
1191
-19
🇨🇳 Bohemians · China
1190
-19
🇨🇳 Ethiopians · China
1176
-18
🇬🇧 Franks · United Kingdom
1087
-14
WEN
11:17 Feudal Age
15:23 Castle Age
13:11 Double-Bit Axe
13:46 Horse Collar
16:32 Bow Saw
21:11 Scale Barding Armor
24:09 Chain Barding Armor
25:53 Loom
28:40 Wheelbarrow
27:50 Town Watch
28:31 Heavy Plow
30:51 Forging
34:50 Imperial Age
33:39 Iron Casting
34:18 Gold Mining
34:18 Stone Mining
34:36 Scale Mail Armor
35:19 Heavy Scorpion
36:57 Plate Barding Armor
37:08 Capped Ram
38:54 Blast Furnace
38:51 Gold Shaft Mining
38:55 Siege Engineers
40:03 Conscription
41:05 Chemistry
41:07 Squires
40:27 Pikeman
41:25 Chain Mail Armor
41:31 Halberdier
43:09 Plate Mail Armor
42:03 Siege Ram
45:31 Two-Man Saw
查尔斯
0:45 Loom
10:14 Feudal Age
12:01 Wheelbarrow
11:13 Double-Bit Axe
16:39 Castle Age
17:39 Bow Saw
23:50 Scale Barding Armor
24:10 Gold Mining
25:06 Forging
26:59 Chain Barding Armor
27:35 Gold Shaft Mining
27:49 Hand Cart
30:07 Iron Casting
35:11 Imperial Age
33:26 Husbandry
36:32 Plate Barding Armor
35:19 Cavalier
38:18 Chemistry
38:22 Blast Furnace
38:07 Paladin
40:32 Siege Engineers
41:25 Scale Mail Armor
44:42 Chain Mail Armor
43:51 Pikeman
44:32 Squires
kiyohime
1:25 Loom
10:46 Feudal Age
12:03 Wheelbarrow
11:48 Double-Bit Axe
12:56 Horse Collar
14:34 Town Watch
19:50 Gold Mining
23:22 Castle Age
22:34 Arson
22:10 Man-at-Arms
25:21 Hand Cart
25:18 Bow Saw
25:53 Gold Shaft Mining
25:08 Stone Mining
25:22 Heavy Plow
24:49 Long Swordsman
25:30 Squires
25:42 Forging
25:33 Scale Mail Armor
25:06 Capped Ram
27:57 Chain Mail Armor
28:17 Iron Casting
34:36 Imperial Age
33:14 Scale Barding Armor
32:37 Light Cavalry
33:28 Bloodlines
34:40 Elite Steppe Lancer
34:41 Hussar
37:02 Two-Man Saw
36:37 Crop Rotation
36:33 Chain Barding Armor
38:11 Plate Barding Armor
39:12 Blast Furnace
37:43 Siege Ram
39:24 Conscription
39:05 Steppe Husbandry
42:25 Two-Handed Swordsman
42:26 Pikeman
43:50 Plate Mail Armor
43:54 Champion
43:55 Halberdier
唐尚书右丞王维
0:28 Loom
12:09 Feudal Age
17:32 Castle Age
16:05 Horse Collar
16:12 Double-Bit Axe
18:32 Gold Mining
18:45 Scale Mail Armor
20:24 Forging
33:00 Imperial Age
31:28 Fletching
32:59 Thumb Ring
32:51 Bodkin Arrow
32:58 Padded Archer Armor
34:31 Wheelbarrow
34:20 Husbandry
34:52 Ballistics
35:39 Fortified Wall
36:15 Parthian Tactics
37:09 Bracer
39:06 Bloodlines
39:06 Scale Barding Armor
39:48 Gold Shaft Mining
42:55 Chemistry
44:00 Heavy Cavalry Archer
涛哥
10:51 Feudal Age
15:03 Castle Age
14:08 Double-Bit Axe
21:28 Horse Collar
29:38 Imperial Age
28:18 Chemistry
27:40 Squires
28:04 Pikeman
31:11 Conscription
33:25 Pikeman
35:54 Heavy Plow
36:13 Bow Saw
43:19 Wheelbarrow
公鸡神探
9:01 Feudal Age
9:24 Horse Collar
13:22 Loom
16:31 Castle Age
14:57 Gold Mining
26:42 Padded Archer Armor
28:53 Heavy Plow
29:28 Wheelbarrow
34:59 Imperial Age
34:33 Scale Barding Armor
34:38 Forging
35:13 Elite Battle Elephant
36:05 Bloodlines
35:55 Husbandry
36:10 Howdah
36:30 Conscription
36:50 Bloodlines
36:40 Husbandry
37:36 Chain Barding Armor
37:51 Iron Casting
37:55 Gold Shaft Mining
37:51 Hand Cart
39:02 Plate Barding Armor
41:57 Blast Furnace
44:13 Chemistry
无甲的joe
9:52 Feudal Age
14:08 Castle Age
12:46 Forging
13:11 Double-Bit Axe
13:14 Horse Collar
14:46 Loom
18:42 Forging
22:24 Scale Mail Armor
36:20 Imperial Age
33:36 Town Watch
34:21 Chain Mail Armor
34:48 Bow Saw
34:45 Heavy Plow
36:37 Wheelbarrow
37:08 Gold Mining
37:50 Ballistics
38:31 Chemistry
38:14 Thumb Ring
37:29 Crossbowman
37:37 Crossbowman
38:10 Fletching
38:21 Padded Archer Armor
39:06 Gold Shaft Mining
38:48 Bodkin Arrow
38:17 Arbalester
40:34 Bracer
40:50 Leather Archer Armor
[SKY] strider
7:13 Loom
9:37 Feudal Age
16:32 Castle Age
15:10 Double-Bit Axe
17:42 Bow Saw
21:01 Wheelbarrow
21:19 Gold Mining
23:19 Hand Cart
26:52 Imperial Age
26:50 Gold Shaft Mining
26:31 Scale Mail Armor
26:37 Scale Barding Armor
26:44 Forging
26:55 Stone Mining
27:57 Chain Barding Armor
28:22 Husbandry
30:55 Chemistry
31:52 Iron Casting
Connection lost

Rejoining the realm…

Still unreachable

The connection could not be restored.

Session expired

The server has moved on; the page needs a fresh start.